[Event "*** Titled Tuesday Blitz"]
[Site "Chess.com"]
[Date "2020.04.28"]
[Round "5"]
[White "SamuelGhimpu2003"]
[Black "vladislavkovalev"]
[Result "0-1"]
[WhiteElo "2688"]
[BlackElo "2863"]
[TimeControl "180+1"]
[EndTime "10:56:54 PDT"]
[Termination "vladislavkovalev won on time"]

1. Nf3 Nf6 2. g3 d5 3. Bg2 c6 4. c4 dxc4 5. Qc2 Be6 6. Na3 g6 7. Nxc4 Bg7 8. O-O O-O 9. d4 Bd5 10. Re1 Be4 11. Qb3 Bd5 12. Qc2 Be4 13. Qb3 Nbd7 14.
Bf4 Nd5 15. Bd2 Rb8 16. Rad1 h6 17. Bh3 N5b6 18. Ba5 Bd5 19. Bxd7 Bxc4 20. Bxb6 Bxb3 21. Bxd8 Rfxd8 22. axb3 Rxd7 23. Rd3 Rbd8 24. Red1 f5 25. e3 e5 26. R3d2 e4 27. Ne1 c5 28. Nc2 cxd4 29.
Nxd4 Bxd4 30. exd4 Kf7 31. Kf1 Kf6 32. Ke2 g5 33. f3 exf3+ 34. Kxf3 Rd5 35. h3 a6 36. g4 Re8 37. Rc2 f4 38. Rd3 Red8 39. Rcd2 a5 40. Rd1 b6 41. Ke4 R5d6 42. d5 Re8+ 43. Kf3 Re5 44. h4 b5 45. hxg5+ hxg5 46. R1d2 b4 47. Rd1 Kg7 48. R1d2 Kg6 49. Rd1 Kf6 50. R1d2 Re1 51. Rd1 Rxd1 52. Rxd1 Ke5 53. Re1+ Kxd5 54. Re8 Kd4 55.
Ra8 Rd5 56. Rg8 Kd3 57. Rc8 Kd2 58. Rc4 Rd3+ 59. Ke4 Rxb3 60. Kf5 f3 61. Kxg5 f2 62. Rf4 Ke2 0-1

[Event "*** Titled Tuesday Blitz"]
[Site "Chess.com"]
[Date "2020.04.28"]
[Round "5"]
[White "plumalka"]
[Black "kushagramohan"]
[Result "0-1"]
[WhiteElo "2435"]
[BlackElo "2689"]
[TimeControl "180+1"]
[EndTime "10:56:55 PDT"]
[Termination "kushagramohan won by resignation"]

1. e4 d6 2. d4 Nf6 3. Nc3 g6 4. f4 Bg7 5. Nf3 c5 6. Bb5+ Bd7 7. e5 Ng4 8. Bxd7+ Qxd7 9. d5 dxe5 10. h3 e4 11.
hxg4 exf3 12. Qxf3 Na6 13. Bd2 O-O-O 14. O-O-O Nb4 15.
Ne4 Nxd5 16. Nxc5 Qc6 17. Nb3 Kb8 18. Kb1 e6 19. f5 Rc8 20. c3 a6 21. fxe6 fxe6 22.
Rhe1 Rhf8 23. Qe4 Rce8 24. Nd4 Qc4 25. Nxe6 Qxe4+ 26. Rxe4 Nc7 27. Rde1 Rxe6 28. Rxe6 Nxe6 29. Rxe6 Rf2 30. Re8+ Kc7 31. Re7+ Kc6 32. Rxg7 Rxd2 33. Rxh7 Rxg2 34. Rg7 Rxg4 35. Kc2 Rg2+ 36. Kb3 g5 37. a4 a5 38. Rg6+ Kc7 39. Rg7+ Kb8 40. Rg8+ Ka7 41.
Rg6 g4 42. Rg5 Ka6 43. Rg6+ b6 44. c4 Rg3+ 45. Ka2 Kb7 46. Kb1 Rg2 47. Ka2 g3 48.
Kb3 Rg1 49. Ka2 Kc7 50. Rg7+ Kc6 51. Rg5 Kd6 52. Kb3 Ke6 53. Rg6+ Kf5 54. Rxb6 g2 55. Rb5+ Kf4 56. Rb8 Rc1 57. Rf8+ Ke5 58. Re8+ Kd6 59. Rd8+ Kc7 60. Rg8 g1=Q 61. Rxg1 Rxg1 62. Kc3 Kc6 63. b4 Rg3+ 64. Kd4 axb4 65. a5 b3 66. a6 b2 67.
a7 Kb7 68. c5 b1=Q 69. c6+ Kxa7 70. c7 Kb7 0-1

[Event "*** Titled Tuesday Blitz"]
[Site "Chess.com"]
[Date "2020.04.28"]
[Round "5"]
[White "Ali_rastbod"]
[Black "Tsubasa"]
[Result "1-0"]
[WhiteElo "2589"]
[BlackElo "2411"]
[TimeControl "180+1"]
[EndTime "10:56:55 PDT"]
[Termination "Ali_rastbod won on time"]

1. d4 Nf6 2. Bg5 Ne4 3. Bf4 d5 4. f3 Nf6 5. e4 dxe4 6. Nc3 exf3 7. Nxf3 e6 8. Bc4 Bd6 9. Qd2 Nc6 10. O-O-O O-O 11.
Kb1 Bxf4 12. Qxf4 Nd5 13. Nxd5 exd5 14. Bd3 Qf6 15. Qxf6 gxf6 16. Bb5 Bg4 17. Rhf1 Rfe8 18. h3 Bxf3 19. Rxf3 Kg7 20. Rg3+ Kf8 21. c3 Re6 22. a3 Ne7 23. Bd3 Ng6 24. Rf3 Rae8 25. Rd2 c6 26.
Rdf2 Kg7 27. Kc2 Rd6 28. Kd2 Re7 29. g3 Rde6 30. h4 h6 31. Bf5 Rd6 32. Bh3 Rd8 33. b3 Rd6 34. Bf5 Re8 35. Bd3 Re7 36. h5 Nf8 37.
Re3 Rxe3 38. Kxe3 Ne6 39. Bf5 Ng5 40. c4 dxc4 41. bxc4 Rd8 42. Rb2 b6 43. a4 Ne6 44.
Rd2 c5 45. d5 Nd4 46. Be4 Re8 47. Kf4 Re5 48. g4 Re8 49. a5 bxa5 50. Ra2 Nb3 51. Ra3 Nd2 52. Bd3 Re1 53. Rxa5 Rc1 54. Rxc5 Rc3 55. Be2 a5 56. d6 Nb3 57. Rd5 Rc2 58. d7 Rxe2 59. d8=Q 1-0

[Event "*** Titled Tuesday Blitz"]
[Site "Chess.com"]
[Date "2020.04.28"]
[Round "5"]
[White "HarryCun"]
[Black "WonderChampion"]
[Result "1-0"]
[WhiteElo "2148"]
[BlackElo "1803"]
[TimeControl "180+1"]
[EndTime "10:56:55 PDT"]
[Termination "HarryCun won by checkmate"]

1. Nf3 d5 2. g3 Nf6 3. Bg2 c6 4. O-O Bg4 5. d3 e6 6. Nbd2 Bd6 7. e4 dxe4 8. dxe4 Bc7 9. h3 Bxf3 10. Bxf3 O-O 11.
b3 Qd4 12. Rb1 Bxg3 13. Bb2 Qc5 14. b4 Qb6 15. Nc4 Qa6 16. Be2 b5 17. fxg3 bxc4 18. Bxf6 gxf6 19. Rxf6 Kh8 20. Qf1 Kg7 21. Qf4 Nd7 22.
Qg5+ Kh8 23. Rh6 Rg8 24. Qe7 Ne5 25. Qf6+ Rg7 26. Qxe5 Qb6+ 27. Kg2 Qe3 28. Qh5 Rxg3+ 29. Kh1 Qxe4+ 30. Bf3 Rxf3 31. Rxh7+ Qxh7 32. Qxf3 Qxc2 33. Rg1 Qf5 34. Qxc6 Rd8 35. Qg2 Qd5 36. Rc1 Qxg2+ 37. Kxg2 Rc8 38. Rc3 Kg7 39. Kf3 Kf6 40. Ke4 e5 41. Kd5 Kf5 42. Rxc4 Rxc4 43. Kxc4 e4 44. Kc3 Kf4 45. Kd2 Ke5 46. Ke3 Kf5 47. a4 Ke5 48. b5 f5 49. h4 f4+ 50. Ke2 Kd5 51.
h5 Ke5 52. h6 Kf6 53. a5 Kg6 54. b6 axb6 55. axb6 Kxh6 56. b7 Kg5 57. b8=Q Kg4 58. Qg8+ Kf5 59. Qf7+ Ke5 60. Kd2 f3 61. Ke3 Kd6 62.
Kxe4 f2 63. Qxf2 Kc6 64. Qd4 Kb5 65. Qc3 Kb6 66. Kd5 Kb5 67. Qc5+ Ka4 68. Qb6 Ka3 69. Kc4 Ka4 70. Qb4# 1-0

[Event "*** Titled Tuesday Blitz"]
[Site "Chess.com"]
[Date "2020.04.28"]
[Round "5"]
[White "avantage_ru"]
[Black "Guenplen"]
[Result "0-1"]
[WhiteElo "2620"]
[BlackElo "2945"]
[TimeControl "180+1"]
[EndTime "10:56:56 PDT"]
[Termination "Guenplen won by resignation"]

1. e4 c5 2. Nf3 e6 3. d4 cxd4 4. Nxd4 Nf6 5. Nc3 Nc6 6. Ndb5 Bc5 7. Bf4 O-O 8. Bc7 Qe7 9. Bd6 Bxd6 10. Qxd6 Qd8 11. O-O-O a6 12. Nc7 Rb8 13. Be2 b5 14.
e5 b4 15. exf6 bxc3 16. fxg7 Qg5+ 17. f4 Qxg7 18. b3 Rb4 19. Bxa6 Bxa6 20. Nxa6 Rd4 21.
Rxd4 Nxd4 22. Rd1 Nf5 23. Qc5 d6 24. Qb6 Kh8 25. g3 Qh6 26. Qc7 Qxh2 27. Qxc3+ Kg8 28.
a4 d5 29. Qf3 Rc8 30. Nb4 h5 31. a5 Nxg3 32. Rd2 Qg1+ 33. Kb2 Kf8 34. a6 h4 35. Nxd5 exd5 36. Qxd5 Qe3 37. Qd6+ Kg8 38. Rd5 Qc3+ 39. Ka3 Ne4 40. Qe5 Qxc2 41. Rb5 Qc1+ 42. Kb4 Qd2+ 43.
Ka3 Qc1+ 44. Kb4 Qe1+ 45. Ka3 h3 46. Rb8 Rxb8 47. Qxb8+ Kh7 48. a7 Qa5+ 49. Kb2 h2 50. a8=Q Qxa8 51. Qxa8 h1=Q 52. Qd5 Qg2+ 53. Ka3 Kg7 54.
Qe5+ Nf6 55. b4 Qf3+ 56. Ka4 Qa8+ 57. Kb3 Qd5+ 58. Kc3 Qf3+ 59. Kc4 Qc6+ 60. Kb3 Qd5+ 61. Kc3 Qxe5+ 62. fxe5 Nd7 63. Kd4 Kf8 64. Kd5 Ke7 65. b5 Nb6+ 66. Kc6 Na4 67. Kd5 Nc3+ 68. Kc4 Nxb5 69. e6 Kxe6 0-1

[Event "*** Titled Tuesday Blitz"]
[Site "Chess.com"]
[Date "2020.04.28"]
[Round "5"]
[White "Shield12"]
[Black "Supernotar"]
[Result "0-1"]
[WhiteElo "2836"]
[BlackElo "2616"]
[TimeControl "180+1"]
[EndTime "10:56:56 PDT"]
[Termination "Supernotar won by resignation"]

1. e4 c6 2. d4 d5 3. exd5 cxd5 4. Bd3 Nc6 5. c3 Qc7 6. Na3 a6 7. Nc2 Nf6 8. h3 g6 9. Ne2 Bf5 10.
Bxf5 gxf5 11. Bf4 Qd7 12. Ne3 e6 13. g4 fxg4 14. hxg4 Bd6 15. Qd3 O-O-O 16. O-O-O Bxf4 17. Nxf4 Qc7 18. Nh5 Nb4 19. Qe2 Nxa2+ 20. Kb1 Nxc3+ 21.
bxc3 Ne4 22. Rc1 Rd6 23. c4 Qb6+ 24. Qb2 Nxf2 25. cxd5+ Kb8 26. Rhf1 Nd3 27. Qxb6 Rxb6+ 28. Kc2 Nxc1 29. Kxc1 Rc8+ 30. Kd2 Rb2+ 31. Kd3 Rb3+ 32.
Ke4 Re8 33. d6 f5+ 34. Kf4 fxg4 35. Nf6 Rd8 36. Nc4 Rc3 37. Ne5 Rxd6 38. Ne4 Rxd4 39. Nxg4 Rd5 40. Ne5 Rh3 41. Nf6 Rd4+ 42. Kg5 Rg3+ 43.
Nfg4 a5 44. Ra1 a4 45. Kh5 a3 46. Nf6 Rc3 47. Kh6 Ka7 48. Kxh7 b5 49. Kg7 b4 50.
Kf7 Kb6 51. Kxe6 Kb5 52. Nd5 Rc2 53. Ne3 Re2 54. Nf5 Rde4 55. Nd6+ Ka4 56. Nxe4 Rxe4 57. Kd5 Rxe5+ 58. Kxe5 b3 59. Kd4 b2 60. Re1 a2 61.
Kc3 b1=Q 0-1

[Event "*** Titled Tuesday Blitz"]
[Site "Chess.com"]
[Date "2020.04.28"]
[Round "5"]
[White "LuckSlayeer"]
[Black "ElGasanov"]
[Result "0-1"]
[WhiteElo "2518"]
[BlackElo "2730"]
[TimeControl "180+1"]
[EndTime "10:56:56 PDT"]
[Termination "ElGasanov won by checkmate"]

1. Nf3 d5 2. g3 c6 3. Bg2 Bg4 4. O-O Nd7 5. d4 e6 6. Nbd2 Bd6 7.
Re1 Ne7 8. e4 O-O 9. h3 Bh5 10.
c4 Rc8 11. b3 Bb4 12. Re3 c5 13. g4 Bg6 14. Bb2 cxd4 15. Bxd4 Bxd2 16. Nxd2 e5 17. Bb2 d4 18. Re1 Nc5 19. Qe2 Ne6 20. Nf1 Nc6 21.
Ng3 a5 22. a3 Qb6 23. Qd1 Nc5 24. b4 axb4 25. axb4 Nxb4 26. Rb1 Qa5 27. Bc1 Nc6 28. Rb5 Qa7 29. Nf5 Rfd8 30. Bg5 f6 31. Bd2 Bf7 32.
Qc2 d3 33. Qc3 Nd4 34. Nxd4 Rxd4 35. Ra1 Qb8 36. Qb4 Rxc4 37. Qb2 Rc2 38. Qb4 Qc7 39.
Be3 h6 40. Bf1 Nb3 41. Rb1 d2 42. Rxb7 Qc6 43. Re7 Rc1 44. Rxf7 Kxf7 45. Qxb3+ Qc4 46. Qxc4+ R8xc4 47. Rxc1 dxc1=Q 48. Bxc1 Rxc1 49. Kg2 Ke6 50. Be2 Kd6 51. Bf3 Kc5 52. Kg3 Kd4 53. Kh4 Rc2 54.
Kg3 Kd3 55. Bg2 Ke2 56. Bf3+ Kf1 57. Bg2+ Kg1 58. Bf3 Rxf2 59. h4 g5 60. hxg5 hxg5 61. Bh1 Rb2 62. Bf3 Rb3 63. Kh3 Rxf3# 0-1

[Event "*** Titled Tuesday Blitz"]
[Site "Chess.com"]
[Date "2020.04.28"]
[Round "5"]
[White "GMStefanova"]
[Black "aa175"]
[Result "1-0"]
[WhiteElo "2692"]
[BlackElo "2459"]
[TimeControl "180+1"]
[EndTime "10:56:57 PDT"]
[Termination "GMStefanova won by resignation"]

1. Nf3 Nf6 2. g3 d5 3. Bg2 Bf5 4. O-O e6 5. d3 Be7 6. Nbd2 O-O 7. Qe1 c5 8. e4 Bg6 9. Ne5 Bh5 10.
f4 dxe4 11. Nxe4 Qc7 12. h3 Nbd7 13. g4 Nxe4 14. Qxe4 Nxe5 15. Qxe5 Qxe5 16. fxe5 Bg6 17.
Bxb7 Rab8 18. Ba6 c4 19. Bxc4 Bc5+ 20. Kg2 Bd4 21. Rb1 Bxe5 22. Bf4 Bxf4 23. Rxf4 Rfd8 24.
Rf2 Kf8 25. b4 e5 26. Kg1 f6 27. g5 Ke7 28. gxf6+ gxf6 29. b5 Bf7 30. Bxf7 Kxf7 31.
Rb4 Rd5 32. a4 a6 33. b6 a5 34. Rh4 Rxb6 35. Rxh7+ Kg6 36. Rh4 Rb1+ 37. Kh2 f5 38. Rg2+ Kf6 39. Rh6+ Kf7 40. Rh7+ Kf6 41. h4 e4 42.
dxe4 fxe4 43. Rf2+ Ke6 44. Rh6+ Ke5 45. Rh5+ Ke6 46. Rh6+ Ke5 47. Rf8 e3 48. Re8+ Kd4 49. Rhe6 Re1 50. Kg3 Rc5 51. Re4+ Kc3 52. Rxe3+ Rxe3+ 53.
Rxe3+ Kxc2 54. Re4 Kd3 55. Rg4 Rc4 56. Rxc4 Kxc4 57.
h5 Kb4 58. h6 Kxa4 59. h7 Kb3 60. h8=Q a4 61. Qa1 a3 62. Kf2 Kb4 63. Ke3 Ka4 64.
Kd3 Kb3 65. Qc3+ Ka2 66. Kc4 Kb1 67. Qb3+ Ka1 68. Qxa3+ Kb1 69. Qb4+ Ka2 70. Kc3 1-0

[Event "*** Titled Tuesday Blitz"]
[Site "Chess.com"]
[Date "2020.04.28"]
[Round "5"]
[White "eldur16"]
[Black "SharapovEvgeny"]
[Result "1/2-1/2"]
[WhiteElo "2580"]
[BlackElo "2321"]
[TimeControl "180+1"]
[EndTime "10:56:57 PDT"]
[Termination "Game drawn - insufficient material"]

1. e4 c6 2. d4 d5 3. e5 c5 4.
dxc5 Nc6 5. Nf3 e6 6. Bd3 Bxc5 7. O-O Nge7 8. a3 a5 9. Nc3 Ng6 10. Qe2 O-O 11. Nb5 b6 12. c4 dxc4 13. Bxc4 Ba6 14.
Bg5 Qb8 15. Rfe1 Bxb5 16. Bxb5 Nd4 17. Nxd4 Bxd4 18. h4 h6 19. h5 hxg5 20. hxg6 fxg6 21. Rf1 Qxe5 22. Qxe5 Bxe5 23. Rae1 Bxb2 24. Rxe6 Rf6 25.
Re3 Bd4 26. Bc4+ Kf8 27. Rh3 Ke7 28. a4 Raf8 29. Re1+ Kd6 30. Rd1 Kc5 31. Bb5 Rxf2 32. Kh2 Be5+ 33. Kg1 Bd4 34. Kh2 g4 35. Rhd3 g3+ 36.
Kh3 R2f4 37. Kxg3 Bf2+ 38. Kh2 Rh8+ 39. Rh3 Rxh3+ 40. gxh3 g5 41. Kg2 Bd4 42. Rc1+ Kd5 43. Rc8 Rf2+ 44. Kg3 Rf6 45. Kg4 Be3 46. Re8 Kd4 47.
Rd8+ Ke4 48. Re8+ Kd4 49. Rd8+ Kc5 50. Re8 Bf4 51. Rc8+ Kb4 52. h4 gxh4 53. Rc4+ Kb3 54. Rxf4 Rxf4+ 55. Kxf4 g5+ 56. Kg4 Kb4 57. Kxg5 h3 58.
Kh4 h2 59. Bc6 h1=Q+ 60. Bxh1 Kxa4 61. Kg3 Kb3 62. Kf2 a4 63. Ke3 a3 64. Bd5+ Kb2 65.
Kd4 a2 66. Bxa2 Kxa2 67. Kc4 Ka3 68. Kb5 Kb3 69. Kxb6 1/2-1/2

[Event "*** Titled Tuesday Blitz"]
[Site "Chess.com"]
[Date "2020.04.28"]
[Round "5"]
[White "kingofthenil"]
[Black "IAgrest"]
[Result "1-0"]
[WhiteElo "2460"]
[BlackElo "2259"]
[TimeControl "180+1"]
[EndTime "10:56:57 PDT"]
[Termination "kingofthenil won on time"]

1. d4 Nf6 2. c4 g6 3. Nc3 Bg7 4. Nf3 d6 5. Bg5 h6 6. Bh4 O-O 7. e3 Nbd7 8. Be2 c6 9. O-O a6 10. h3 b5 11. b4 Rb8 12. Rb1 bxc4 13. Bxc4 Nb6 14. Be2 Bf5 15. Bd3 Qd7 16. a3 Rfc8 17. Bxa6 Bxb1 18. Bxc8 Qxc8 19. Qxb1 Nc4 20. Qb3 Qa6 21. Ra1 d5 22. Bg3 Rb7 23. a4 Nd7 24.
b5 Qa8 25. Qd1 Qc8 26. Rc1 e6 27. Nd2 cxb5 28. Nxb5 Qa8 29. Nxc4 dxc4 30. Rxc4 Nb6 31. Rb4 Bf8 32. Nd6 Bxd6 33. Bxd6 Nd5 34. Rxb7 Qxb7 35. a5 Qa6 36. Be5 Qxa5 37. Qc1 Qd8 38. Qc6 Kh7 39. Qb7 Qe8 40. Qa7 Kg8 41. h4 h5 42. Bg3 Kh7 43.
Qb7 Kg8 44. Be5 Kh7 45. e4 Ne7 46. Bf6 Ng8 47. Bg5 Kg7 48. Be3 Nf6 49. Bf4 Nd7 50. f3 Kg8 51. Be3 Nf6 52. Qa7 Nd7 53. Bg5 Nf8 54. d5 exd5 55. exd5 Qe1+ 56. Kh2 Qe5+ 57. Kh1 Qxd5 58. Qb8 Qd1+ 59. Kh2 Qd7 60. Bh6 Qe7 61. Kg1 1-0

[Event "*** Titled Tuesday Blitz"]
[Site "Chess.com"]
[Date "2020.04.28"]
[Round "5"]
[White "GOGIEFF"]
[Black "XDPS"]
[Result "1-0"]
[WhiteElo "2988"]
[BlackElo "2772"]
[TimeControl "180+1"]
[EndTime "10:56:59 PDT"]
[Termination "GOGIEFF won by resignation"]

1. d4 d5 2. c4 e6 3. Nc3 Nf6 4. cxd5 exd5 5. Bg5 c6 6. e3 h6 7. Bh4 Bd6 8. Bd3 O-O 9. Nge2 Re8 10. Qc2 a5 11. h3 Na6 12. a3 Nc7 13. O-O Ne6 14.
Rae1 Bd7 15. Ng3 Bf8 16. Nh5 Be7 17. Nxf6+ Bxf6 18. Bg3 Rc8 19. Na4 b5 20. Nc5 Nxc5 21. Qxc5 Be7 22. Qc2 c5 23. dxc5 Bxc5 24. Qd2 b4 25.
Ra1 Qb6 26. Rfc1 Be6 27. axb4 Bxb4 28. Qe2 Be7 29. Be5 Bc5 30. Qf3 Bf8 31. Qg3 Qb3 32. Rd1 a4 33. Bd4 Red8 34. h4 Ra8 35. h5 Qb8 36. f4 Qb7 37. f5 Bc8 38. f6 Qd7 39.
fxg7 Bd6 40. Qh4 Be7 41. Qf4 Bg5 42. Qf3 Re8 43. Rf1 Qe6 44. Kh1 Bd7 45. Rac1 Rac8 46. Rxc8 Rxc8 47. Bf5 Qxf5 48. Qxf5 Bxf5 49. Rxf5 Rd8 50. g4 Rd7 51. Kg2 Rd6 52. Rf1 f6 53. Ra1 Ra6 54. Ra3 Kxg7 55. b3 Rc6 56. bxa4 Rc2+ 57.
Kf3 Bh4 58. e4 dxe4+ 59. Kxe4 Rg2 60. Kf5 Rd2 61. Be3 Rd5+ 62. Ke4 Ra5 63. Bd2 Re5+ 64.
Kf3 Rd5 65. Be3 Be1 66. Rb3 f5 67.
Rb7+ Kg8 68. gxf5 Rxf5+ 69. Kg4 Re5 70. Bxh6 Re4+ 71. Kf5 Rxa4 72. Bg5 Ra5+ 73. Kg6 Ra6+ 74. Bf6 Bg3 75. h6 1-0

[Event "*** Titled Tuesday Blitz"]
[Site "Chess.com"]
[Date "2020.04.28"]
[Round "5"]
[White "LiamPutnam2008"]
[Black "Saloni1299"]
[Result "0-1"]
[WhiteElo "2538"]
[BlackElo "2327"]
[TimeControl "180+1"]
[EndTime "10:57:00 PDT"]
[Termination "Saloni1299 won by checkmate"]

1. Nf3 d5 2. d4 Nf6 3. Bf4 g6 4. e3 Bg7 5. Be2 O-O 6. O-O c5 7.
c4 Nc6 8. Nc3 cxd4 9. exd4 dxc4 10. Be3 Bg4 11. h3 Be6 12. Qa4 Qa5 13. Ng5 Bd5 14.
Rac1 Qxa4 15. Nxa4 b5 16. Nc5 h6 17. Nf3 Ne4 18. Nxe4 Bxe4 19. b3 Rac8 20. bxc4 bxc4 21. Rxc4 Na5 22. Ra4 Nc6 23. Nd2 Bc2 24. Rc4 Na5 25.
Rxc8 Rxc8 26. Rc1 Bf5 27. Rxc8+ Bxc8 28. Nc4 Nc6 29. d5 Nb4 30. d6 exd6 31. Nxd6 Be6 32. a3 Nc6 33. Bf3 Nd4 34. Be4 a5 35. Nb7 Ne2+ 36. Kf1 Nc3 37. Bd3 a4 38. Nc5 Bb3 39. Bd2 Bd4 40. Bxc3 Bxc5 41. Bb2 f5 42. Ke2 Kf7 43. g4 Ke6 44. f3 Bd5 45. Bc2 Bc6 46.
gxf5+ gxf5 47. Bd3 f4 48. Bc4+ Kf5 49. Bd3+ Kg5 50.
Be4 Bb5+ 51. Bd3 Bd7 52. Bc2 Kh4 53. Bf6+ Kxh3 54. Bg7 h5 55. Bf6 h4 56. Bg5 Kg3 57.
Bd3 h3 58. Kf1 h2 59. Bxf4+ Kxf4 60. Kg2 Bg1 61. Bc4 Bc6 62. Be2 Bb7 63. Bd1 Ke3 64.
Kh1 Kf2 65. Be2 Bc8 66. Bd1 Bh3 67. Be2 Bg2# 0-1

[Event "*** Titled Tuesday Blitz"]
[Site "Chess.com"]
[Date "2020.04.28"]
[Round "5"]
[White "theblitzchamp"]
[Black "DrBergerBerger"]
[Result "1-0"]
[WhiteElo "2684"]
[BlackElo "2447"]
[TimeControl "180+1"]
[EndTime "10:57:01 PDT"]
[Termination "theblitzchamp won by resignation"]

1. d4 d5 2. Bf4 Nf6 3. e3 c5 4. Nf3 Nc6 5. Nbd2 e6 6. c3 cxd4 7. exd4 Nh5 8. Be3 Bd6 9. Ne5 g6 10. Bb5 O-O 11. Bxc6 bxc6 12. Bh6 Ba6 13. Qf3 Ng7 14. h4 f6 15. Nd3 Rf7 16. O-O-O Rb8 17. Nb3 Bc4 18. Kc2 e5 19. Bxg7 e4 20. Bxf6 Qxf6 21.
Qg4 exd3+ 22. Kc1 Qxf2 23. Nd2 Qf4 24. Qe6 Qf6 25. Qg4 Rbf8 26. h5 Qf5 27. Qh4 g5 28. Qe1 Re7 29. Qg1 Bf4 30. g4 Qe4 31. b3 Ba6 32.
Kb2 Qe3 33. Qg2 Rfe8 34. h6 Qe2 35. Rhg1 Bxd2 36. Rxd2 Qxd2+ 37. Qxd2 Re2 38. Kc1 Rxd2 39. Kxd2 Re2+ 40. Kd1 Kf7 41. Rg3 Kg6 42. Rf3 Rxa2 43. Rf8 Kxh6 44. Rf6+ Kg7 45. Rxc6 Bb5 46. Rc7+ Kg6 47.
Rc5 Be8 48. Rxd5 Bf7 49. Rd6+ Kg7 50. c4 a5 51. d5 Rb2 52. Ra6 Rxb3 53. Rxa5 Rc3 54.
Rc5 h5 55. Kd2 Ra3 56. gxh5 g4 57. Rc7 g3 58. h6+ Kxh6 59. Rxf7 g2 60. Rf6+ Kh5 61. Rf5+ Kh4 62. Rf8 Kg3 63. d6 g1=Q 64. Rg8+ Kf2 65.
Rxg1 Kxg1 66. c5 Kf2 67. c6 Ra6 68. d7 Rxc6 69. d8=Q Re6 70. Qf8+ 1-0

[Event "*** Titled Tuesday Blitz"]
[Site "Chess.com"]
[Date "2020.04.28"]
[Round "5"]
[White "Chichin_chao"]
[Black "annamaja"]
[Result "0-1"]
[WhiteElo "2356"]
[BlackElo "2229"]
[TimeControl "180+1"]
[EndTime "10:57:01 PDT"]
[Termination "annamaja won by checkmate"]

1. e4 c6 2. d4 d5 3. Nd2 dxe4 4. Nxe4 Bf5 5. Ng3 Bg6 6. h4 h6 7. Nh3 Nd7 8. Nf4 Bh7 9. Bc4 e5 10. dxe5 Qa5+ 11. c3 Qxe5+ 12. Qe2 Qxe2+ 13. Ngxe2 Ne5 14. Bb3 Nf6 15. O-O g5 16. hxg5 hxg5 17. Nh3 g4 18.
Ng5 Bg6 19. Ng3 O-O-O 20. Be3 c5 21. Rad1 Bd3 22. Rfe1 c4 23. Ba4 Bh6 24. Bf4 Ng6 25. Bc1 Bxg5 26. Bxg5 Rd6 27. b3 Nh7 28. Bc1 Rhd8 29. Ba3 Rd5 30. bxc4 Bxc4 31. Rxd5 Bxd5 32. Bb3 Bxb3 33. axb3 Ng5 34. Bc1 Ne6 35. Be3 Rd3 36. c4 Rxb3 37. Ne4 a6 38. Nd6+ Kd7 39. Nxf7 Nef4 40.
Rd1+ Ke7 41. Ng5 Kf6 42. Ne4+ Ke5 43. Ng3 Nd3 44. Kf1 a5 45. Ra1 b6 46. c5 bxc5 47.
Rxa5 Ngf4 48. Ra1 c4 49. Ne2 Nxe2 50. Kxe2 Nb4 51. Rc1 c3 52. f4+ Ke4 53. g3 Rb2+ 54. Kf1 Kxe3 55. Rxc3+ Nd3 56. f5 Rf2+ 57. Kg1 Rxf5 58.
Kg2 Rf2+ 59. Kg1 Re2 60. Kf1 Rd2 61. Kg1 Kf3 62. Rc8 Kxg3 63. Kf1 Rf2+ 64. Kg1 Rg2+ 65.
Kf1 Rf2+ 66. Kg1 Rd2 67. Kf1 Nf4 68. Rc3+ Rd3 69. Rc2 Rd1# 0-1

[Event "*** Titled Tuesday Blitz"]
[Site "Chess.com"]
[Date "2020.04.28"]
[Round "5"]
[White "moro182"]
[Black "Tesla37"]
[Result "1/2-1/2"]
[WhiteElo "2703"]
[BlackElo "2874"]
[TimeControl "180+1"]
[EndTime "10:57:02 PDT"]
[Termination "Game drawn by stalemate"]

1. d4 Nf6 2. Bf4 e6 3. e3 c5 4. c3 d5 5. Nd2 Bd6 6. Ngf3 O-O 7. Bd3 b6 8. O-O Ba6 9. Bxa6 Nxa6 10. Qe2 Nb8 11.
Bxd6 Qxd6 12. Rad1 cxd4 13. exd4 Nc6 14. Ne5 Nd7 15.
f4 f6 16. Nxc6 Qxc6 17. Nf3 Rae8 18. Qa6 Qc7 19. g3 Nb8 20. Qd3 Nc6 21. Rde1 Re7 22. Re3 Rfe8 23. Rfe1 g6 24. Qe2 Nd8 25. Nd2 Nf7 26.
Qf3 Nd6 27. h4 h5 28. R3e2 Kg7 29. g4 hxg4 30. Qxg4 Kf7 31. h5 Rg8 32. Rxe6 Ne4 33. Nxe4 dxe4 34. R1xe4 Rd7 35. Qe2 gxh5+ 36. Kf1 Rg4 37. Qe3 Qc4+ 38. Kf2 Qxa2 39. Re7+ Rxe7 40. Rxe7+ Kf8 41. Re8+ Kg7 42. Qe7+ Qf7 43. Kf3 Rg1 44. Qxf7+ Kxf7 45. Rh8 Rb1 46. Rxh5 Rxb2 47. Rh7+ Ke6 48. Rxa7 Rc2 49. Rc7 Kd6 50. Rc8 Kd7 51. Rc4 f5 52.
Ke3 Kd6 53. Kd3 Rf2 54. Rb4 Rf3+ 55. Ke2 Rxc3 56. Rxb6+ Kd5 57. Rb4 Ke4 58. d5+ Kxd5 59. Kf2 Rc4 60. Rxc4 Kxc4 61. Kg3 Kd3 62. Kf2 Ke4 63. Ke2 Kxf4 64. Kf2 Ke4 65. Ke2 f4 66. Kf2 f3 67. Kf1 Ke3 68. Ke1 f2+ 69. Kf1 Kf3 1/2-1/2

[Event "*** Titled Tuesday Blitz"]
[Site "Chess.com"]
[Date "2020.04.28"]
[Round "5"]
[White "willyam13"]
[Black "APOKALIPSA13"]
[Result "0-1"]
[WhiteElo "2478"]
[BlackElo "2372"]
[TimeControl "180+1"]
[EndTime "10:57:03 PDT"]
[Termination "APOKALIPSA13 won by resignation"]

1. e4 d6 2. d4 g6 3. Nc3 Bg7 4. Be3 Nc6 5. Qd2 e5 6. Nge2 exd4 7. Nxd4 Nxd4 8. Bxd4 Bxd4 9. Qxd4 Qf6 10. Qd2 a6 11.
O-O-O Ne7 12. f4 O-O 13. Be2 h5 14. h3 Kg7 15. g4 hxg4 16. hxg4 Ng8 17. Nd5 Qd8 18.
Qc3+ f6 19. Qh3 Rf7 20. Qh7+ Kf8 21. Qxg6 c6 22. Ne3 Rg7 23. Qh5 Qe7 24. e5 d5 25. Nf5 Bxf5 26. Qxf5 Re8 27. Bf3 Qf7 28. g5 fxg5 29. Qxf7+ Rxf7 30. Bh5 Rxf4 31. Bxe8 Kxe8 32. Rdg1 Rf5 33. Rh5 Rxe5 34. Rhxg5 Rxg5 35. Rxg5 Ne7 36.
Rg7 Kd7 37. c3 Kd6 38. Kc2 b6 39. Kd3 a5 40. Rh7 c5 41. a4 Nc6 42. Rh6+ Kc7 43.
Ke3 Ne5 44. Rh7+ Kc6 45. b3 Ng4+ 46. Kf4 Nf2 47. Rh6+ Kc7 48. Rh2 Nd3+ 49. Kf5 Nc1 50. Rb2 Nd3 51. Rb1 Kd6 52. Kf6 Ne5 53. Re1 Nd7+ 54. Kf5 d4 55. cxd4 cxd4 56. Rb1 Kd5 57. Kf4 Nc5 58. b4 axb4 59. Kf3 Kc4 60. Ke2 d3+ 61. Kd2 Nxa4 62. Rc1+ Nc3 63. Ke3 b3 64. Kd2 b2 65. Rh1 b1=Q 66. Rxb1 Nxb1+ 0-1

[Event "*** Titled Tuesday Blitz"]
[Site "Chess.com"]
[Date "2020.04.28"]
[Round "5"]
[White "Duong57"]
[Black "marianokar"]
[Result "0-1"]
[WhiteElo "2189"]
[BlackElo "2352"]
[TimeControl "180+1"]
[EndTime "10:57:03 PDT"]
[Termination "marianokar won by checkmate"]

1. d4 Nf6 2. c4 e6 3. Nc3 Bb4 4. Qc2 b6 5. e4 c5 6. d5 Qe7 7.
Be2 exd5 8. exd5 Qe4 9. Qxe4+ Nxe4 10. Bd2 Bxc3 11. Bxc3 Nxc3 12. bxc3 O-O 13. Bd3 d6 14. Ne2 Nd7 15. f4 Nf6 16. h3 Ba6 17. Kd2 Rae8 18. Ng3 g6 19. Rhe1 h5 20. h4 Kg7 21. a4 Rxe1 22.
Rxe1 Re8 23. Ra1 Bc8 24. a5 bxa5 25. Rxa5 a6 26. Ra1 Re7 27. Rb1 Rb7 28. Rxb7 Bxb7 29. Kc2 Kf8 30. Kb3 Ke7 31. Ka4 Bxd5 32. cxd5 Nxd5 33.
Bxa6 Nxc3+ 34. Kb3 Nd5 35. Ne2 Ne3 36. g3 d5 37. Kc3 Kd6 38. Bb7 Nf5 39. Bc8 Ne7 40. Bh3 Nc6 41. Bg2 Ne7 42. Bh3 Nc6 43. Nc1 Nd4 44. Bf1 Nf5 45. Ne2 d4+ 46. Kd3 Ne3 47.
Bh3 Kd5 48. Nc3+ dxc3 49. Kxe3 Kc4 50. Bf1+ Kb3 51. Bd3 Kb2 52. Ke4 c4 53. Bc2 Kxc2 54. Kd4 Kd2 55. Kxc4 c2 56. Kd5 c1=Q 57. Ke5 Qc2 58. Kf6 Qf5+ 59. Kg7 Qg4 60. Kxf7 Qxg3 61. Kg7 Qxf4 62. Kxg6 Qxh4 63. Kh6 Qg4 64. Kh7 h4 65. Kh6 h3 66. Kh7 h2 67. Kh8 h1=Q# 0-1

[Event "*** Titled Tuesday Blitz"]
[Site "Chess.com"]
[Date "2020.04.28"]
[Round "5"]
[White "Zkid"]
[Black "LionTheLeon_06"]
[Result "1-0"]
[WhiteElo "2810"]
[BlackElo "2657"]
[TimeControl "180+1"]
[EndTime "10:57:05 PDT"]
[Termination "Zkid won by resignation"]

1. e4 c5 2. Nf3 d6 3. c3 Nf6 4. Be2 Bd7 5. d3 g6 6. O-O Bg7 7. Re1 O-O 8. h3 Nc6 9. Bf1 Rc8 10. d4 cxd4 11. cxd4 e5 12. d5 Ne7 13. Nc3 a6 14. a4 Nh5 15. Qb3 Qc7 16. Bg5 f6 17. Be3 h6 18. Rac1 Qb8 19. Bb6 f5 20. exf5 Nxf5 21.
Ne4 Nf6 22. Bd3 Nxe4 23. Bxe4 Rxc1 24. Rxc1 Rc8 25. Rxc8+ Qxc8 26. Nd2 Qc1+ 27. Nf1 Kh7 28. g4 Nh4 29. Be3 Qc7 30. Nd2 Bf6 31. Nc4 Be7 32.
Bb6 Qc8 33. Qd3 Kg7 34. b3 Qf8 35. Qg3 Qf6 36. Na5 Qf8 37. Nc4 Kh7 38. Bc7 Kg7 39. Nb6 Be8 40. Nc8 g5 41. Qe3 Bg6 42. Nxe7 Qxe7 43. Ba5 Bxe4 44. Qxe4 Qf6 45. Bb4 Nf3+ 46. Kg2 Nh4+ 47. Kf1 Nf3 48. Qe3 Nd4 49. Bc3 Nxb3 50. Qb6 Nd4 51. Qxb7+ Kg6 52. Qxa6 h5 53. Qd3+ Kh6 54.
Bxd4 exd4 55. a5 hxg4 56. hxg4 Qe5 57. Qh3+ Kg7 58. Qf3 d3 59. Qxd3 Qa1+ 60. Kg2 Qxa5 61. Qf5 Qd2 62. Qd7+ Kg8 63. Qe6+ Kg7 64. Qe7+ Kg8 65.
Qxd6 Qd4 66. Qg6+ Kf8 67. Qf5+ Ke8 68. Qxg5 Qe4+ 69. Kg3 Qd3+ 70. Qe3+ Qxe3+ 71. fxe3 1-0